 Dungeon Crawl Stone Soup version 0.31.0-11-ge490571c62 (webtiles) character file.

Game seed: 1079151342158477938

112 qw the Skirmisher (level 4, 0/25 HPs)
             Began as a Deep Elf Hunter on Feb 3, 2024.
             Killed from afar by Sigmund (8 damage)
             ... with a magic dart
             ... on level 3 of the Dungeon.
             The game lasted 00:00:05 (1698 turns).

qw the Skirmisher (Deep Elf Hunter)                 Turns: 1698, Time: 00:00:06

Health: 0/25       AC:  9    Str: 10    XL:     4   Next: 64%
Magic:  6/6        EV: 11    Int: 14    God:
Gold:   88         SH:  0    Dex: 18    Spells: 3/3 levels left

rFire   . . .        a - +0 shortbow
rCold   . . .        (shield currently unavailable)
rNeg    . . .        d - +0 ring mail
rPois   .            (no helmet)
rElec   .            (no cloak)
rCorr   .            (no gloves)
SInv    .            (no boots)
Will    .....        (no amulet)
Stlth   +            i - +4 ring of protection
HPRegen 0.24/turn    (no ring)
MPRegen 0.10/turn

%: no passive effects
@: no status effects
A: no striking features
a: no special abilities


You were on level 3 of the Dungeon.
You visited 1 branch of the dungeon, and saw 3 of its levels.

You collected 88 gold pieces.


   Skills:
 - Level 1.5 Fighting
 + Level 8.1 Ranged Weapons
 - Level 2.4 Dodging
 - Level 1.2 Stealth


You had 3 spell levels left.
You didn't know any spells.
Your spell library was empty.

Inventory:

Hand Weapons
 a - a +0 shortbow (weapon)
Armour
 d - a +0 ring mail (worn)
Jewellery
 i - a +4 ring of protection (left hand)
Potions
 b - a potion of degeneration {unknown}
 e - 2 potions of curing
 g - a potion of cancellation
 j - a potion of mutation {unknown}

Dungeon Overview and Level Annotations

Branches:
Dungeon (3/15)

Altars:

Annotations:
D:3 Sigmund


Message History

Done exploring.
What level of the Dungeon? (default 2, ? - help)
There is a stone staircase leading down here.
You climb downwards.
There is a stone staircase leading up here.
Waypoint 2 assigned to D:3.
You open the door.
Sigmund the Dreaded comes into view.
He is wielding a +0 scythe.
Found 8 gold pieces.
There is an open door here.
You shoot an arrow. The arrow closely misses Sigmund.
You shoot an arrow. The arrow barely misses Sigmund.
Sigmund mumbles some strange words.
Sigmund flickers and vanishes!
Deactivating autopickup; reactivate with Ctrl-A.
You shoot an arrow. You shoot an arrow.
You hear some strange, mumbled words.
Something tries to affect you, but you resist.
You shoot an arrow.
A magic dart appears from out of thin air!
The magic dart hits you!
You shoot an arrow. You shoot an arrow. Something hits you but does no damage.
You shoot an arrow.
A magic dart appears from out of thin air!
The magic dart hits you but does no damage.
You shoot an arrow.
You hear some strange, mumbled words.
A puff of flame appears from out of thin air!
The puff of flame hits you.
You shoot an arrow. Something hits you.
You shoot an arrow. Something hits you.
You shoot an arrow.
A magic dart appears from out of thin air!
The magic dart hits you!
You die...

###+###
########.......
#......@.......
#.######.......
#.# {...... #.#
....... #.#
......$ #.#
....... #.#
....... #.#
######. #.#


There were no monsters in sight!

Vanquished Creatures
  A scorpion (D:2)
  An adder (D:2)
  2 dart slugs
  A ribbon worm (D:2)
  2 ball pythons (D:2)
  5 bats
  3 endoplasms
  A giant cockroach (D:1)
  3 goblins (D:1)
  3 hobgoblins
  3 jackals (D:1)
  2 quokkas
  4 frilled lizards
  2 kobolds
  9 rats
42 creatures vanquished.

Notes
Turn   | Place    | Note
-------+----------+-------------------------------------------
     0 | D:1      | qw the Deep Elf Hunter began the quest for the Orb.
     0 | D:1      | Reached XP level 1. HP: 12/12 MP: 3/3
     0 | D:1      | 0 ||| qw: Version: 0.3-a-155-g5e7d8dd
     0 | D:1      | 0 ||| qw: Game counter: 3237
     0 | D:1      | 0 ||| qw: Melee chars always use a shield: true
     0 | D:1      | 0 ||| qw: God list: Okawaru
     0 | D:1      | 0 ||| qw: Allow faded altars: false
     0 | D:1      | 0 ||| qw: Do Orc after clearing Dungeon:15 true
     0 | D:1      | 0 ||| qw: Do second Lair branch before Depths: true
     0 | D:1      | 0 ||| qw: Lair rune preference: random
     0 | D:1      | 0 ||| qw: Goals: Normal
     0 | D:1      | 0 ||| PLANNING D:1-11
    97 | D:1      | Reached skill level 6 in Ranged Weapons
    97 | D:1      | Reached XP level 2. HP: 10/16 MP: 4/4
   617 | D:1      | Reached XP level 3. HP: 20/20 MP: 5/5
   754 | D:1      | 754 ||| READING scroll labelled PIOROU JIYMIE.
   758 | D:1      | 758 ||| READING scroll labelled TEVVULO TEMEHE.
   758 | D:1      | 758 ||| IDENTIFYING orange potion
   759 | D:1      | 759 ||| READING scroll labelled DISOIR CEVOXI.
   760 | D:1      | 760 ||| READING scroll labelled USIYTTENAM.
   761 | D:1      | 761 ||| READING scroll labelled HEIHAB LIOKK.
   762 | D:1      | 762 ||| DROPPING scroll of butterflies.
  1144 | D:2      | Reached skill level 7 in Ranged Weapons
  1245 | D:2      | Noticed a scorpion
  1251 | D:2      | Killed a scorpion
  1252 | D:2      | Reached skill level 8 in Ranged Weapons
  1252 | D:2      | Reached XP level 4. HP: 24/25 MP: 6/6
  1546 | D:2      | 1546 ||| UPGRADING to +0 ring mail.
  1556 | D:2      | 1556 ||| DROPPING +0 leather armour.
  1557 | D:2      | 1557 ||| UPGRADING to +4 ring of protection.
  1558 | D:2      | 1558 ||| READING scroll labelled ATROLI WAICEM.
  1559 | D:2      | 1559 ||| READING scroll labelled ORCHIZX ULEGUAS.
  1660 | D:2      | 1660 ||| DRINKING 2 coppery potions.
  1686 | D:3      | Noticed Sigmund
  1698 | D:3      | Killed from afar by Sigmund

Levels and vault maps discovered:
D:1:      elethiomel_arrival_diamonds, layout_basic
D:2:      layout_loops_ring, minmay_hexomino_c4
D:3:      layout_basic, uniq_sigmund

Skill      XL: |  1  2  3 |
---------------+----------+-----
Ranged Weapons | 6 8 |  8.1
Fighting       | |  1.5
Dodging        | |  2.4
Stealth        | |  1.2

Action                     |  1- 3 |  4- 6 || total
---------------------------+-------+-------++-------
   Fire: Shortbow          |   104 |    15 ||   119
    Use: Scroll            |     5 |     2 ||     7
         Potion            |       |     1 ||     1
 Armour: Leather armour    |    18 |     2 ||    20
         Ring mail         |       |     7 ||     7
  Dodge: Dodged            |    27 |       ||    27

Table legend:
 A = Non-vault XP
 B = Vault XP
 C = Vault XP percentage of total XP
 D = Non-vault monster count
 E = Vault monster count
 F = Vault count percentage of total count
                 A         B        C        D         E       F
            +---------+---------+-------+---------+---------+-------
      Total |     129 |      32 |  19.9 |      29 |      13 |  31.0
            +---------+---------+-------+---------+---------+-------
        D:1 |      32 |       9 |  22.0 |      19 |       7 |  26.9
        D:2 |      97 |      23 |  19.2 |      10 |       6 |  37.5
            +---------+---------+-------+---------+---------+-------
